 Dungeon Crawl Stone Soup version 0.25-a0-464-g3004169c2b (webtiles) character file.

Game seed: 2578625074485346153, levelgen mode: deterministic

7 mopl the Charmwright (level 1, 0/16 HPs)
             Began as a Demonspawn Skald on Feb 4, 2020.
             Slain by a hobgoblin
             ... wielding a +0 club
              (3 damage)
             ... on level 1 of the Dungeon on Feb 5, 2020.
             The game lasted 00:00:49 (39 turns).

mopl the Charmwright (Demonspawn Skald)               Turns: 39, Time: 00:00:49

Health: 0/16       AC:  3    Str: 11    XL:     1   Next: 83%
Magic:  1/3        EV: 11    Int: 14    God:
Gold:   0          SH:  0    Dex: 12    Spells: 3/4 levels left

rFire    . . .     SeeInvis .   a - +0 falchion
rCold    . . .     Gourm    .   (no shield)
rNeg     . . .     Faith    .   b - +0 leather armour
rPois    .         Spirit   .   (no helmet)
rElec    .         Reflect  .   (no cloak)
rCorr    .         Harm     .   (no gloves)
MR       .....                  (no boots)
Stlth    +.........             (no amulet)
HPRegen  0.05/turn              (no ring)
MPRegen  0.08/turn              (no ring)

@: no status effects
A: no striking features
a: no special abilities


You were on level 1 of the Dungeon.
You were not hungry.

You visited 1 branch of the dungeon, and saw 1 of its levels.

Inventory:

Hand Weapons
 a - a +0 falchion (weapon)
Armour
 b - a +0 leather armour (worn)
Potions
 c - a potion of lignification {unknown}
 e - a potion of cancellation {unknown}
Comestibles
 d - a ration


   Skills:
 + Level 2.1 Fighting
 * Level 2.0 Long Blades
 - Level 0.8 Armour
 - Level 1.7 Dodging
 + Level 2.1 Spellcasting
 + Level 2.8 Charms


You had 3 spell levels left.
You knew the following spells:

 Your Spells              Type           Power        Failure   Level  Hunger
a - Infusion              Chrm           #...         10%         1    ##.....

Your spell library contained the following spells:

 Spells                   Type           Power        Failure   Level  Hunger
 Song of Slaying          Chrm           #.......     16%         2    ###....
 Shroud of Golubria       Chrm/Tloc      #.....       26%         2    ###....
 Ozocubu's Armour         Chrm/Ice       #.......     45%         3    ####...
 Spectral Weapon          Hex/Chrm       #.......     45%         3    ####...


Dungeon Overview and Level Annotations

Branches:
Dungeon (1/15)

Altars:


Message History

The frilled lizard bites you. The rat barely misses you.
You riposte.
You hit the rat.
You kill the rat!
Unknown command.
You slash the frilled lizard!
You kill the frilled lizard!
Your magical infusion is running out.
You closely miss the hobgoblin.
The hobgoblin hits you but does no damage.
You hit the hobgoblin.
The hobgoblin is moderately wounded.
The hobgoblin hits you with a +0 club.
* * * LOW HITPOINT WARNING * * *
The hobgoblin hits you but does no damage.
You are no longer magically infusing your attacks.
There is a large open door here.
You hit the hobgoblin but do no damage.
The hobgoblin is moderately wounded.
The hobgoblin hits you with a +0 club.
You die...

...§≈ #.#..§≈§#
#.....≈§#
#......≈# ####
.≈..§.# +.≈##
.#..#.#..# #.≈§#
...≈#....####.≈≈#
# #.#.......#...≈#
#.#...##.#..g@.<≈#
....≈≈.....'...≈#
.#..#......#.§.≈#
# #..#..#.####§§§#
#...#..#††# #§§§#
#.......# +.≈##
#........≈# ####
........≈§#
.....#!≈≈≈#


You could see a hobgoblin.

Vanquished Creatures
  4 jackals (D:1)
  A frilled lizard (D:1)
  A rat (D:1)
6 creatures vanquished.

Notes
Turn   | Place    | Note
-------+----------+-------------------------------------------
     0 | D:1      | mopl the Demonspawn Skald began the quest for the Orb.
     0 | D:1      | Reached XP level 1. HP: 16/16 MP: 3/3
    27 | D:1      | Reached skill level 2 in Long Blades
    39 | D:1      | Slain by a hobgoblin

Levels and vault maps discovered:
D:1:      denvon_arrival_hothouse, layout_loops_ring

Skill      XL: |  1 |
---------------+----+-----
Long Blades    | 2 |  2.0
Fighting       | |  2.1
Armour         | |  0.8
Dodging        | |  1.7
Spellcasting   | |  2.1
Charms         | |  2.8

Action                   || total
-------------------------++-------
Melee: Falchion          ||    17
 Cast: Infusion          ||     1
Armor: Leather armour    ||    10
Dodge: Dodged            ||    24
       Rpst.: Falchion   ||     7

Table legend:
 A = Non-vault XP
 B = Vault XP
 C = Vault XP percentage of total XP
 D = Non-vault monster count
 E = Vault monster count
 F = Vault count percentage of total count
                 A         B        C        D         E       F
            +---------+---------+-------+---------+---------+-------
      Total |      10 |       0 |   0.0 |       6 |       0 |   0.0
            +---------+---------+-------+---------+---------+-------
        D:1 |      10 |       0 |   0.0 |       6 |       0 |   0.0
            +---------+---------+-------+---------+---------+-------
